Workbook
Name CONDICION: SMLM!$G$17:$G$18
Name DEPENDENCIAS: SMLM!$H$3:$H$11
Name SALACTUAL: SMLM!$H$14

Sheet PRESUPUESTOS
B1: INSTITUTO NACIONAL DE VÍAS
B2: DIRECCIÓN GENERAL
B3: DIRECCIÓN DE CONTRATACION
B4: DIRECCIÓN OPERATIVA - DIRECCIONES TERRITORIALES
B6: INVITACION A OFERTAR No. IP-DT-SUC-001-2020
B7: PRESUPUESTOS POR MODULOS
B9: MODULO No. | C9: OBJETO DEL PROYECTO – TRAMO (S) PRESUPUESTAL | D9: PRESUPUESTO OFICIAL | E9: PLAZO (MES)
B10: 0
B11: 1 | C11: HABILITAR Y/O BRINBAR TRANSITABILIDAD EN LA RED VIAL A TRAVÉS DEL SISTEMA DE MONTO AGOTABLE EN LA DIRECCIÓN TERRITORIAL SUCRE. | D11: 84999033 | E11: 4
B20: =COUNT(B11:B19) -> 1 | D20: =SUM(D11:D19) -> 84999033 | E20: =E11 -> 4

Sheet PROPONENTES
B1: =PRESUPUESTOS!B1 -> INSTITUTO NACIONAL DE VÍAS
B2: =PRESUPUESTOS!B2 -> DIRECCIÓN GENERAL
B3: =PRESUPUESTOS!B3 -> DIRECCIÓN DE CONTRATACION
B4: =PRESUPUESTOS!B4 -> DIRECCIÓN OPERATIVA - DIRECCIONES TERRITORIALES
B6: =PRESUPUESTOS!B6 -> INVITACION A OFERTAR No. IP-DT-SUC-001-2020
B8: CUADRO 2
B9: LISTADO DE PROPONENTES
B11: CONSECUTIVO | C11: PROPUESTA NÚMERO | D11: PROPONENTE | E11: MOD. PRESENTADOS | M11: SUMATORIA PRESUPUESTOS MODULOS PRESENTADOS | N11: MODULO No.1 | P11: MODULO No.2 | R11: MODULO No.3 | T11: MODULO No.4 | V11: MODULO No.5 | X11: MODULO No.6 | Z11: MODULO No.7 | AB11: MODULO No.8 | AD11: PO | AE11: Krequerido
N12: PLAZO | O12: POM | P12: PLAZO | Q12: POM | R12: PLAZO | S12: POM | T12: PLAZO | U12: POM | V12: PLAZO | W12: POM | X12: PLAZO | Y12: POM | Z12: PLAZO | AA12: POM | AB12: PLAZO | AC12: POM
E13: 1 | F13: 2 | G13: 3 | H13: 4 | I13: 5 | J13: 6 | K13: 7 | L13: 8 | N13: =PRESUPUESTOS!E11 -> 4 | P13: =PRESUPUESTOS!E12 -> 0 | R13: =PRESUPUESTOS!$E13 -> 0 | T13: =PRESUPUESTOS!$E14 -> 0 | V13: =PRESUPUESTOS!$E15 -> 0 | X13: =PRESUPUESTOS!$E16 -> 0 | Z13: =PRESUPUESTOS!$E17 -> 0 | AB13: =PRESUPUESTOS!$E18 -> 0
B14: 1 | C14: 5 | D14: CESAR ANTONIO PADRON TORRES | E14: 1 | M14: =IF(COUNT(E14:L14)=0,"",VLOOKUP(E14,PRESUPUESTOS!$B$10:$D$19,3,FALSE)+VLOOKUP(F14,PRESUPUESTOS!$B$10:$D$19,3,FALSE)+VLOOKUP(G14,PRESUPUESTOS!$B$10:$D$19,3,FALSE)+VLOOKUP(H14,PRESUPUESTOS!$B$10:$D$19,3,FALSE)+VLOOKUP(I14,PRESUPUESTOS!$B$10:$D$19,3,FALSE)+VLOOKUP(J14,PRESUPUESTOS!$B$10:$D$19,3,FALSE)+VLOOKUP(K14,PRESUPUESTOS!$B$10:$D$19,3,FALSE)+VLOOKUP(L14,PRESUPUESTOS!$B$10:$D$19,3,FALSE)) -> 84999033 | N14: =N13 -> 4 | O14: =IF(N14="",0,(IF(LOOKUP(1,$E$13:$L$13,E14:L14)=1,PRESUPUESTOS!$D$11/N14,0)/877803)) -> 24.20789 | P14: =IF(F14="","",$P$13) | Q14: =IF(P14="",0,IF(LOOKUP(2,$E$13:$L$13,E14:L14)=2,PRESUPUESTOS!$D$12/P14,0)/SALACTUAL) -> 0 | R14: =IF(G14="","",$R$13) | S14: =IF(R14="",0,IF(LOOKUP(3,$E$13:$L$13,E14:L14)=3,PRESUPUESTOS!$D$13/R14,0)/SALACTUAL) -> 0 | T14: =IF(H14="","",$T$13) | U14: =IF(T14="",0,IF(LOOKUP(4,$E$13:$L$13,E14:L14)=4,PRESUPUESTOS!$D$14/T14,0)/SALACTUAL) -> 0 | V14: =IF(I14="","",$V$13) | W14: =IF(V14="",0,IF(LOOKUP(5,$E$13:$L$13,E14:L14)=5,PRESUPUESTOS!$D$15/V14,0)/SALACTUAL) -> 0 | X14: =IF(J14="","",$X$13) | Y14: =IF(X14="",0,IF(LOOKUP(6,$E$13:$L$13,E14:L14)=6,PRESUPUESTOS!$D$16/X14,0)/461500) -> 0 | Z14: =IF(K14="","",$Z$13) | AA14: =IF(Z14="",0,IF(LOOKUP(7,$E$13:$L$13,E14:L14)=7,PRESUPUESTOS!$D$17/Z14,0)/SALACTUAL) -> 0 | AB14: =IF(L14="","",$AB$13) | AC14: =IF(AB14="",0,IF(LOOKUP(8,$E$13:$L$13,E14:L14)=8,PRESUPUESTOS!$D$18/AB14,0)/SALACTUAL) -> 0 | AD14: =AE14*1 -> 145.24734 | AE14: =IF(M14="","",M14/877803)*150% -> 145.24734
B16: 5 | C16: =+C15+1 -> 1 | D16: a5 | M16: =IF(COUNT(E16:L16)=0,"",VLOOKUP(E16,PRESUPUESTOS!$B$10:$D$19,3,FALSE)+VLOOKUP(F16,PRESUPUESTOS!$B$10:$D$19,3,FALSE)+VLOOKUP(G16,PRESUPUESTOS!$B$10:$D$19,3,FALSE)+VLOOKUP(H16,PRESUPUESTOS!$B$10:$D$19,3,FALSE)+VLOOKUP(I16,PRESUPUESTOS!$B$10:$D$19,3,FALSE)+VLOOKUP(J16,PRESUPUESTOS!$B$10:$D$19,3,FALSE)+VLOOKUP(K16,PRESUPUESTOS!$B$10:$D$19,3,FALSE)+VLOOKUP(L16,PRESUPUESTOS!$B$10:$D$19,3,FALSE)) | N16: =IF(E16="","",$N$13) | O16: =IF(N16="",0,(IF(LOOKUP(1,$E$13:$L$13,E16:L16)=1,PRESUPUESTOS!$D$11/N16,0)/SALACTUAL)) -> 0 | P16: =IF(F16="","",$P$13) | Q16: =IF(P16="",0,IF(LOOKUP(2,$E$13:$L$13,E16:L16)=2,PRESUPUESTOS!$D$12/P16,0)/SALACTUAL) -> 0 | R16: =IF(G16="","",$R$13) | S16: =IF(R16="",0,IF(LOOKUP(3,$E$13:$L$13,E16:L16)=3,PRESUPUESTOS!$D$13/R16,0)/SALACTUAL) -> 0 | T16: =IF(H16="","",$T$13) | U16: =IF(T16="",0,IF(LOOKUP(4,$E$13:$L$13,E16:L16)=4,PRESUPUESTOS!$D$14/T16,0)/SALACTUAL) -> 0 | V16: =IF(I16="","",$V$13) | W16: =IF(V16="",0,IF(LOOKUP(5,$E$13:$L$13,E16:L16)=5,PRESUPUESTOS!$D$15/V16,0)/SALACTUAL) -> 0 | X16: =IF(J16="","",$X$13) | Y16: =IF(X16="",0,IF(LOOKUP(6,$E$13:$L$13,E16:L16)=6,PRESUPUESTOS!$D$16/X16,0)/461500) -> 0 | Z16: =IF(K16="","",$Z$13) | AA16: =IF(Z16="",0,IF(LOOKUP(7,$E$13:$L$13,E16:L16)=7,PRESUPUESTOS!$D$17/Z16,0)/SALACTUAL) -> 0 | AB16: =IF(L16="","",$AB$13) | AC16: =IF(AB16="",0,IF(LOOKUP(8,$E$13:$L$13,E16:L16)=8,PRESUPUESTOS!$D$18/AB16,0)/SALACTUAL) -> 0 | AD16: =AE16 | AE16: =IF(M16="","",M16/SALACTUAL)
B17: 6 | C17: =+C16+1 -> 2 | D17: a6 | M17: =IF(COUNT(E17:L17)=0,"",VLOOKUP(E17,PRESUPUESTOS!$B$10:$D$19,3,FALSE)+VLOOKUP(F17,PRESUPUESTOS!$B$10:$D$19,3,FALSE)+VLOOKUP(G17,PRESUPUESTOS!$B$10:$D$19,3,FALSE)+VLOOKUP(H17,PRESUPUESTOS!$B$10:$D$19,3,FALSE)+VLOOKUP(I17,PRESUPUESTOS!$B$10:$D$19,3,FALSE)+VLOOKUP(J17,PRESUPUESTOS!$B$10:$D$19,3,FALSE)+VLOOKUP(K17,PRESUPUESTOS!$B$10:$D$19,3,FALSE)+VLOOKUP(L17,PRESUPUESTOS!$B$10:$D$19,3,FALSE)) | N17: =IF(E17="","",$N$13) | O17: =IF(N17="",0,(IF(LOOKUP(1,$E$13:$L$13,E17:L17)=1,PRESUPUESTOS!$D$11/N17,0)/SALACTUAL)) -> 0 | P17: =IF(F17="","",$P$13) | Q17: =IF(P17="",0,IF(LOOKUP(2,$E$13:$L$13,E17:L17)=2,PRESUPUESTOS!$D$12/P17,0)/SALACTUAL) -> 0 | R17: =IF(G17="","",$R$13) | S17: =IF(R17="",0,IF(LOOKUP(3,$E$13:$L$13,E17:L17)=3,PRESUPUESTOS!$D$13/R17,0)/SALACTUAL) -> 0 | T17: =IF(H17="","",$T$13) | U17: =IF(T17="",0,IF(LOOKUP(4,$E$13:$L$13,E17:L17)=4,PRESUPUESTOS!$D$14/T17,0)/SALACTUAL) -> 0 | V17: =IF(I17="","",$V$13) | W17: =IF(V17="",0,IF(LOOKUP(5,$E$13:$L$13,E17:L17)=5,PRESUPUESTOS!$D$15/V17,0)/SALACTUAL) -> 0 | X17: =IF(J17="","",$X$13) | Y17: =IF(X17="",0,IF(LOOKUP(6,$E$13:$L$13,E17:L17)=6,PRESUPUESTOS!$D$16/X17,0)/461500) -> 0 | Z17: =IF(K17="","",$Z$13) | AA17: =IF(Z17="",0,IF(LOOKUP(7,$E$13:$L$13,E17:L17)=7,PRESUPUESTOS!$D$17/Z17,0)/SALACTUAL) -> 0 | AB17: =IF(L17="","",$AB$13) | AC17: =IF(AB17="",0,IF(LOOKUP(8,$E$13:$L$13,E17:L17)=8,PRESUPUESTOS!$D$18/AB17,0)/SALACTUAL) -> 0 | AD17: =AE17 | AE17: =IF(M17="","",M17/SALACTUAL)
B18: 7 | C18: =+C17+1 -> 3 | D18: a7 | M18: =IF(COUNT(E18:L18)=0,"",VLOOKUP(E18,PRESUPUESTOS!$B$10:$D$19,3,FALSE)+VLOOKUP(F18,PRESUPUESTOS!$B$10:$D$19,3,FALSE)+VLOOKUP(G18,PRESUPUESTOS!$B$10:$D$19,3,FALSE)+VLOOKUP(H18,PRESUPUESTOS!$B$10:$D$19,3,FALSE)+VLOOKUP(I18,PRESUPUESTOS!$B$10:$D$19,3,FALSE)+VLOOKUP(J18,PRESUPUESTOS!$B$10:$D$19,3,FALSE)+VLOOKUP(K18,PRESUPUESTOS!$B$10:$D$19,3,FALSE)+VLOOKUP(L18,PRESUPUESTOS!$B$10:$D$19,3,FALSE)) | N18: =IF(E18="","",$N$13) | O18: =IF(N18="",0,(IF(LOOKUP(1,$E$13:$L$13,E18:L18)=1,PRESUPUESTOS!$D$11/N18,0)/SALACTUAL)) -> 0 | P18: =IF(F18="","",$P$13) | Q18: =IF(P18="",0,IF(LOOKUP(2,$E$13:$L$13,E18:L18)=2,PRESUPUESTOS!$D$12/P18,0)/SALACTUAL) -> 0 | R18: =IF(G18="","",$R$13) | S18: =IF(R18="",0,IF(LOOKUP(3,$E$13:$L$13,E18:L18)=3,PRESUPUESTOS!$D$13/R18,0)/SALACTUAL) -> 0 | T18: =IF(H18="","",$T$13) | U18: =IF(T18="",0,IF(LOOKUP(4,$E$13:$L$13,E18:L18)=4,PRESUPUESTOS!$D$14/T18,0)/SALACTUAL) -> 0 | V18: =IF(I18="","",$V$13) | W18: =IF(V18="",0,IF(LOOKUP(5,$E$13:$L$13,E18:L18)=5,PRESUPUESTOS!$D$15/V18,0)/SALACTUAL) -> 0 | X18: =IF(J18="","",$X$13) | Y18: =IF(X18="",0,IF(LOOKUP(6,$E$13:$L$13,E18:L18)=6,PRESUPUESTOS!$D$16/X18,0)/461500) -> 0 | Z18: =IF(K18="","",$Z$13) | AA18: =IF(Z18="",0,IF(LOOKUP(7,$E$13:$L$13,E18:L18)=7,PRESUPUESTOS!$D$17/Z18,0)/SALACTUAL) -> 0 | AB18: =IF(L18="","",$AB$13) | AC18: =IF(AB18="",0,IF(LOOKUP(8,$E$13:$L$13,E18:L18)=8,PRESUPUESTOS!$D$18/AB18,0)/SALACTUAL) -> 0 | AD18: =AE18 | AE18: =IF(M18="","",M18/SALACTUAL)
B19: 8 | C19: =+C18+1 -> 4 | D19: a8 | M19: =IF(COUNT(E19:L19)=0,"",VLOOKUP(E19,PRESUPUESTOS!$B$10:$D$19,3,FALSE)+VLOOKUP(F19,PRESUPUESTOS!$B$10:$D$19,3,FALSE)+VLOOKUP(G19,PRESUPUESTOS!$B$10:$D$19,3,FALSE)+VLOOKUP(H19,PRESUPUESTOS!$B$10:$D$19,3,FALSE)+VLOOKUP(I19,PRESUPUESTOS!$B$10:$D$19,3,FALSE)+VLOOKUP(J19,PRESUPUESTOS!$B$10:$D$19,3,FALSE)+VLOOKUP(K19,PRESUPUESTOS!$B$10:$D$19,3,FALSE)+VLOOKUP(L19,PRESUPUESTOS!$B$10:$D$19,3,FALSE)) | N19: =IF(E19="","",$N$13) | O19: =IF(N19="",0,(IF(LOOKUP(1,$E$13:$L$13,E19:L19)=1,PRESUPUESTOS!$D$11/N19,0)/SALACTUAL)) -> 0 | P19: =IF(F19="","",$P$13) | Q19: =IF(P19="",0,IF(LOOKUP(2,$E$13:$L$13,E19:L19)=2,PRESUPUESTOS!$D$12/P19,0)/SALACTUAL) -> 0 | R19: =IF(G19="","",$R$13) | S19: =IF(R19="",0,IF(LOOKUP(3,$E$13:$L$13,E19:L19)=3,PRESUPUESTOS!$D$13/R19,0)/SALACTUAL) -> 0 | T19: =IF(H19="","",$T$13) | U19: =IF(T19="",0,IF(LOOKUP(4,$E$13:$L$13,E19:L19)=4,PRESUPUESTOS!$D$14/T19,0)/SALACTUAL) -> 0 | V19: =IF(I19="","",$V$13) | W19: =IF(V19="",0,IF(LOOKUP(5,$E$13:$L$13,E19:L19)=5,PRESUPUESTOS!$D$15/V19,0)/SALACTUAL) -> 0 | X19: =IF(J19="","",$X$13) | Y19: =IF(X19="",0,IF(LOOKUP(6,$E$13:$L$13,E19:L19)=6,PRESUPUESTOS!$D$16/X19,0)/461500) -> 0 | Z19: =IF(K19="","",$Z$13) | AA19: =IF(Z19="",0,IF(LOOKUP(7,$E$13:$L$13,E19:L19)=7,PRESUPUESTOS!$D$17/Z19,0)/SALACTUAL) -> 0 | AB19: =IF(L19="","",$AB$13) | AC19: =IF(AB19="",0,IF(LOOKUP(8,$E$13:$L$13,E19:L19)=8,PRESUPUESTOS!$D$18/AB19,0)/SALACTUAL) -> 0 | AD19: =AE19 | AE19: =IF(M19="","",M19/SALACTUAL)
B20: 9 | C20: =+C19+1 -> 5 | D20: a9 | M20: =IF(COUNT(E20:L20)=0,"",VLOOKUP(E20,PRESUPUESTOS!$B$10:$D$19,3,FALSE)+VLOOKUP(F20,PRESUPUESTOS!$B$10:$D$19,3,FALSE)+VLOOKUP(G20,PRESUPUESTOS!$B$10:$D$19,3,FALSE)+VLOOKUP(H20,PRESUPUESTOS!$B$10:$D$19,3,FALSE)+VLOOKUP(I20,PRESUPUESTOS!$B$10:$D$19,3,FALSE)+VLOOKUP(J20,PRESUPUESTOS!$B$10:$D$19,3,FALSE)+VLOOKUP(K20,PRESUPUESTOS!$B$10:$D$19,3,FALSE)+VLOOKUP(L20,PRESUPUESTOS!$B$10:$D$19,3,FALSE)) | N20: =IF(E20="","",$N$13) | O20: =IF(N20="",0,(IF(LOOKUP(1,$E$13:$L$13,E20:L20)=1,PRESUPUESTOS!$D$11/N20,0)/SALACTUAL)) -> 0 | P20: =IF(F20="","",$P$13) | Q20: =IF(P20="",0,IF(LOOKUP(2,$E$13:$L$13,E20:L20)=2,PRESUPUESTOS!$D$12/P20,0)/SALACTUAL) -> 0 | R20: =IF(G20="","",$R$13) | S20: =IF(R20="",0,IF(LOOKUP(3,$E$13:$L$13,E20:L20)=3,PRESUPUESTOS!$D$13/R20,0)/SALACTUAL) -> 0 | T20: =IF(H20="","",$T$13) | U20: =IF(T20="",0,IF(LOOKUP(4,$E$13:$L$13,E20:L20)=4,PRESUPUESTOS!$D$14/T20,0)/SALACTUAL) -> 0 | V20: =IF(I20="","",$V$13) | W20: =IF(V20="",0,IF(LOOKUP(5,$E$13:$L$13,E20:L20)=5,PRESUPUESTOS!$D$15/V20,0)/SALACTUAL) -> 0 | X20: =IF(J20="","",$X$13) | Y20: =IF(X20="",0,IF(LOOKUP(6,$E$13:$L$13,E20:L20)=6,PRESUPUESTOS!$D$16/X20,0)/461500) -> 0 | Z20: =IF(K20="","",$Z$13) | AA20: =IF(Z20="",0,IF(LOOKUP(7,$E$13:$L$13,E20:L20)=7,PRESUPUESTOS!$D$17/Z20,0)/SALACTUAL) -> 0 | AB20: =IF(L20="","",$AB$13) | AC20: =IF(AB20="",0,IF(LOOKUP(8,$E$13:$L$13,E20:L20)=8,PRESUPUESTOS!$D$18/AB20,0)/SALACTUAL) -> 0 | AD20: =AE20 | AE20: =IF(M20="","",M20/SALACTUAL)
B21: 10 | C21: =+C20+1 -> 6 | D21: a10 | M21: =IF(COUNT(E21:L21)=0,"",VLOOKUP(E21,PRESUPUESTOS!$B$10:$D$19,3,FALSE)+VLOOKUP(F21,PRESUPUESTOS!$B$10:$D$19,3,FALSE)+VLOOKUP(G21,PRESUPUESTOS!$B$10:$D$19,3,FALSE)+VLOOKUP(H21,PRESUPUESTOS!$B$10:$D$19,3,FALSE)+VLOOKUP(I21,PRESUPUESTOS!$B$10:$D$19,3,FALSE)+VLOOKUP(J21,PRESUPUESTOS!$B$10:$D$19,3,FALSE)+VLOOKUP(K21,PRESUPUESTOS!$B$10:$D$19,3,FALSE)+VLOOKUP(L21,PRESUPUESTOS!$B$10:$D$19,3,FALSE)) | N21: =IF(E21="","",$N$13) | O21: =IF(N21="",0,(IF(LOOKUP(1,$E$13:$L$13,E21:L21)=1,PRESUPUESTOS!$D$11/N21,0)/SALACTUAL)) -> 0 | P21: =IF(F21="","",$P$13) | Q21: =IF(P21="",0,IF(LOOKUP(2,$E$13:$L$13,E21:L21)=2,PRESUPUESTOS!$D$12/P21,0)/SALACTUAL) -> 0 | R21: =IF(G21="","",$R$13) | S21: =IF(R21="",0,IF(LOOKUP(3,$E$13:$L$13,E21:L21)=3,PRESUPUESTOS!$D$13/R21,0)/SALACTUAL) -> 0 | T21: =IF(H21="","",$T$13) | U21: =IF(T21="",0,IF(LOOKUP(4,$E$13:$L$13,E21:L21)=4,PRESUPUESTOS!$D$14/T21,0)/SALACTUAL) -> 0 | V21: =IF(I21="","",$V$13) | W21: =IF(V21="",0,IF(LOOKUP(5,$E$13:$L$13,E21:L21)=5,PRESUPUESTOS!$D$15/V21,0)/SALACTUAL) -> 0 | X21: =IF(J21="","",$X$13) | Y21: =IF(X21="",0,IF(LOOKUP(6,$E$13:$L$13,E21:L21)=6,PRESUPUESTOS!$D$16/X21,0)/461500) -> 0 | Z21: =IF(K21="","",$Z$13) | AA21: =IF(Z21="",0,IF(LOOKUP(7,$E$13:$L$13,E21:L21)=7,PRESUPUESTOS!$D$17/Z21,0)/SALACTUAL) -> 0 | AB21: =IF(L21="","",$AB$13) | AC21: =IF(AB21="",0,IF(LOOKUP(8,$E$13:$L$13,E21:L21)=8,PRESUPUESTOS!$D$18/AB21,0)/SALACTUAL) -> 0 | AD21: =AE21 | AE21: =IF(M21="","",M21/SALACTUAL)
B22: 11 | C22: =+C21+1 -> 7 | D22: a11 | M22: =IF(COUNT(E22:L22)=0,"",VLOOKUP(E22,PRESUPUESTOS!$B$10:$D$19,3,FALSE)+VLOOKUP(F22,PRESUPUESTOS!$B$10:$D$19,3,FALSE)+VLOOKUP(G22,PRESUPUESTOS!$B$10:$D$19,3,FALSE)+VLOOKUP(H22,PRESUPUESTOS!$B$10:$D$19,3,FALSE)+VLOOKUP(I22,PRESUPUESTOS!$B$10:$D$19,3,FALSE)+VLOOKUP(J22,PRESUPUESTOS!$B$10:$D$19,3,FALSE)+VLOOKUP(K22,PRESUPUESTOS!$B$10:$D$19,3,FALSE)+VLOOKUP(L22,PRESUPUESTOS!$B$10:$D$19,3,FALSE)) | N22: =IF(E22="","",$N$13) | O22: =IF(N22="",0,(IF(LOOKUP(1,$E$13:$L$13,E22:L22)=1,PRESUPUESTOS!$D$11/N22,0)/SALACTUAL)) -> 0 | P22: =IF(F22="","",$P$13) | Q22: =IF(P22="",0,IF(LOOKUP(2,$E$13:$L$13,E22:L22)=2,PRESUPUESTOS!$D$12/P22,0)/SALACTUAL) -> 0 | R22: =IF(G22="","",$R$13) | S22: =IF(R22="",0,IF(LOOKUP(3,$E$13:$L$13,E22:L22)=3,PRESUPUESTOS!$D$13/R22,0)/SALACTUAL) -> 0 | T22: =IF(H22="","",$T$13) | U22: =IF(T22="",0,IF(LOOKUP(4,$E$13:$L$13,E22:L22)=4,PRESUPUESTOS!$D$14/T22,0)/SALACTUAL) -> 0 | V22: =IF(I22="","",$V$13) | W22: =IF(V22="",0,IF(LOOKUP(5,$E$13:$L$13,E22:L22)=5,PRESUPUESTOS!$D$15/V22,0)/SALACTUAL) -> 0 | X22: =IF(J22="","",$X$13) | Y22: =IF(X22="",0,IF(LOOKUP(6,$E$13:$L$13,E22:L22)=6,PRESUPUESTOS!$D$16/X22,0)/461500) -> 0 | Z22: =IF(K22="","",$Z$13) | AA22: =IF(Z22="",0,IF(LOOKUP(7,$E$13:$L$13,E22:L22)=7,PRESUPUESTOS!$D$17/Z22,0)/SALACTUAL) -> 0 | AB22: =IF(L22="","",$AB$13) | AC22: =IF(AB22="",0,IF(LOOKUP(8,$E$13:$L$13,E22:L22)=8,PRESUPUESTOS!$D$18/AB22,0)/SALACTUAL) -> 0 | AD22: =AE22 | AE22: =IF(M22="","",M22/SALACTUAL)
B23: 12 | C23: =+C22+1 -> 8 | D23: a12 | M23: =IF(COUNT(E23:L23)=0,"",VLOOKUP(E23,PRESUPUESTOS!$B$10:$D$19,3,FALSE)+VLOOKUP(F23,PRESUPUESTOS!$B$10:$D$19,3,FALSE)+VLOOKUP(G23,PRESUPUESTOS!$B$10:$D$19,3,FALSE)+VLOOKUP(H23,PRESUPUESTOS!$B$10:$D$19,3,FALSE)+VLOOKUP(I23,PRESUPUESTOS!$B$10:$D$19,3,FALSE)+VLOOKUP(J23,PRESUPUESTOS!$B$10:$D$19,3,FALSE)+VLOOKUP(K23,PRESUPUESTOS!$B$10:$D$19,3,FALSE)+VLOOKUP(L23,PRESUPUESTOS!$B$10:$D$19,3,FALSE)) | N23: =IF(E23="","",$N$13) | O23: =IF(N23="",0,(IF(LOOKUP(1,$E$13:$L$13,E23:L23)=1,PRESUPUESTOS!$D$11/N23,0)/SALACTUAL)) -> 0 | P23: =IF(F23="","",$P$13) | Q23: =IF(P23="",0,IF(LOOKUP(2,$E$13:$L$13,E23:L23)=2,PRESUPUESTOS!$D$12/P23,0)/SALACTUAL) -> 0 | R23: =IF(G23="","",$R$13) | S23: =IF(R23="",0,IF(LOOKUP(3,$E$13:$L$13,E23:L23)=3,PRESUPUESTOS!$D$13/R23,0)/SALACTUAL) -> 0 | T23: =IF(H23="","",$T$13) | U23: =IF(T23="",0,IF(LOOKUP(4,$E$13:$L$13,E23:L23)=4,PRESUPUESTOS!$D$14/T23,0)/SALACTUAL) -> 0 | V23: =IF(I23="","",$V$13) | W23: =IF(V23="",0,IF(LOOKUP(5,$E$13:$L$13,E23:L23)=5,PRESUPUESTOS!$D$15/V23,0)/SALACTUAL) -> 0 | X23: =IF(J23="","",$X$13) | Y23: =IF(X23="",0,IF(LOOKUP(6,$E$13:$L$13,E23:L23)=6,PRESUPUESTOS!$D$16/X23,0)/461500) -> 0 | Z23: =IF(K23="","",$Z$13) | AA23: =IF(Z23="",0,IF(LOOKUP(7,$E$13:$L$13,E23:L23)=7,PRESUPUESTOS!$D$17/Z23,0)/SALACTUAL) -> 0 | AB23: =IF(L23="","",$AB$13) | AC23: =IF(AB23="",0,IF(LOOKUP(8,$E$13:$L$13,E23:L23)=8,PRESUPUESTOS!$D$18/AB23,0)/SALACTUAL) -> 0 | AD23: =AE23 | AE23: =IF(M23="","",M23/SALACTUAL)
B24: 13 | C24: =+C23+1 -> 9 | D24: a13 | M24: =IF(COUNT(E24:L24)=0,"",VLOOKUP(E24,PRESUPUESTOS!$B$10:$D$19,3,FALSE)+VLOOKUP(F24,PRESUPUESTOS!$B$10:$D$19,3,FALSE)+VLOOKUP(G24,PRESUPUESTOS!$B$10:$D$19,3,FALSE)+VLOOKUP(H24,PRESUPUESTOS!$B$10:$D$19,3,FALSE)+VLOOKUP(I24,PRESUPUESTOS!$B$10:$D$19,3,FALSE)+VLOOKUP(J24,PRESUPUESTOS!$B$10:$D$19,3,FALSE)+VLOOKUP(K24,PRESUPUESTOS!$B$10:$D$19,3,FALSE)+VLOOKUP(L24,PRESUPUESTOS!$B$10:$D$19,3,FALSE)) | N24: =IF(E24="","",$N$13) | O24: =IF(N24="",0,(IF(LOOKUP(1,$E$13:$L$13,E24:L24)=1,PRESUPUESTOS!$D$11/N24,0)/SALACTUAL)) -> 0 | P24: =IF(F24="","",$P$13) | Q24: =IF(P24="",0,IF(LOOKUP(2,$E$13:$L$13,E24:L24)=2,PRESUPUESTOS!$D$12/P24,0)/SALACTUAL) -> 0 | R24: =IF(G24="","",$R$13) | S24: =IF(R24="",0,IF(LOOKUP(3,$E$13:$L$13,E24:L24)=3,PRESUPUESTOS!$D$13/R24,0)/SALACTUAL) -> 0 | T24: =IF(H24="","",$T$13) | U24: =IF(T24="",0,IF(LOOKUP(4,$E$13:$L$13,E24:L24)=4,PRESUPUESTOS!$D$14/T24,0)/SALACTUAL) -> 0 | V24: =IF(I24="","",$V$13) | W24: =IF(V24="",0,IF(LOOKUP(5,$E$13:$L$13,E24:L24)=5,PRESUPUESTOS!$D$15/V24,0)/SALACTUAL) -> 0 | X24: =IF(J24="","",$X$13) | Y24: =IF(X24="",0,IF(LOOKUP(6,$E$13:$L$13,E24:L24)=6,PRESUPUESTOS!$D$16/X24,0)/461500) -> 0 | Z24: =IF(K24="","",$Z$13) | AA24: =IF(Z24="",0,IF(LOOKUP(7,$E$13:$L$13,E24:L24)=7,PRESUPUESTOS!$D$17/Z24,0)/SALACTUAL) -> 0 | AB24: =IF(L24="","",$AB$13) | AC24: =IF(AB24="",0,IF(LOOKUP(8,$E$13:$L$13,E24:L24)=8,PRESUPUESTOS!$D$18/AB24,0)/SALACTUAL) -> 0 | AD24: =AE24 | AE24: =IF(M24="","",M24/SALACTUAL)
B25: 14 | C25: =+C24+1 -> 10 | D25: a14 | M25: =IF(COUNT(E25:L25)=0,"",VLOOKUP(E25,PRESUPUESTOS!$B$10:$D$19,3,FALSE)+VLOOKUP(F25,PRESUPUESTOS!$B$10:$D$19,3,FALSE)+VLOOKUP(G25,PRESUPUESTOS!$B$10:$D$19,3,FALSE)+VLOOKUP(H25,PRESUPUESTOS!$B$10:$D$19,3,FALSE)+VLOOKUP(I25,PRESUPUESTOS!$B$10:$D$19,3,FALSE)+VLOOKUP(J25,PRESUPUESTOS!$B$10:$D$19,3,FALSE)+VLOOKUP(K25,PRESUPUESTOS!$B$10:$D$19,3,FALSE)+VLOOKUP(L25,PRESUPUESTOS!$B$10:$D$19,3,FALSE)) | N25: =IF(E25="","",$N$13) | O25: =IF(N25="",0,(IF(LOOKUP(1,$E$13:$L$13,E25:L25)=1,PRESUPUESTOS!$D$11/N25,0)/SALACTUAL)) -> 0 | P25: =IF(F25="","",$P$13) | Q25: =IF(P25="",0,IF(LOOKUP(2,$E$13:$L$13,E25:L25)=2,PRESUPUESTOS!$D$12/P25,0)/SALACTUAL) -> 0 | R25: =IF(G25="","",$R$13) | S25: =IF(R25="",0,IF(LOOKUP(3,$E$13:$L$13,E25:L25)=3,PRESUPUESTOS!$D$13/R25,0)/SALACTUAL) -> 0 | T25: =IF(H25="","",$T$13) | U25: =IF(T25="",0,IF(LOOKUP(4,$E$13:$L$13,E25:L25)=4,PRESUPUESTOS!$D$14/T25,0)/SALACTUAL) -> 0 | V25: =IF(I25="","",$V$13) | W25: =IF(V25="",0,IF(LOOKUP(5,$E$13:$L$13,E25:L25)=5,PRESUPUESTOS!$D$15/V25,0)/SALACTUAL) -> 0 | X25: =IF(J25="","",$X$13) | Y25: =IF(X25="",0,IF(LOOKUP(6,$E$13:$L$13,E25:L25)=6,PRESUPUESTOS!$D$16/X25,0)/461500) -> 0 | Z25: =IF(K25="","",$Z$13) | AA25: =IF(Z25="",0,IF(LOOKUP(7,$E$13:$L$13,E25:L25)=7,PRESUPUESTOS!$D$17/Z25,0)/SALACTUAL) -> 0 | AB25: =IF(L25="","",$AB$13) | AC25: =IF(AB25="",0,IF(LOOKUP(8,$E$13:$L$13,E25:L25)=8,PRESUPUESTOS!$D$18/AB25,0)/SALACTUAL) -> 0 | AD25: =AE25 | AE25: =IF(M25="","",M25/SALACTUAL)
B26: 15 | C26: =+C25+1 -> 11 | D26: a15 | M26: =IF(COUNT(E26:L26)=0,"",VLOOKUP(E26,PRESUPUESTOS!$B$10:$D$19,3,FALSE)+VLOOKUP(F26,PRESUPUESTOS!$B$10:$D$19,3,FALSE)+VLOOKUP(G26,PRESUPUESTOS!$B$10:$D$19,3,FALSE)+VLOOKUP(H26,PRESUPUESTOS!$B$10:$D$19,3,FALSE)+VLOOKUP(I26,PRESUPUESTOS!$B$10:$D$19,3,FALSE)+VLOOKUP(J26,PRESUPUESTOS!$B$10:$D$19,3,FALSE)+VLOOKUP(K26,PRESUPUESTOS!$B$10:$D$19,3,FALSE)+VLOOKUP(L26,PRESUPUESTOS!$B$10:$D$19,3,FALSE)) | N26: =IF(E26="","",$N$13) | O26: =IF(N26="",0,(IF(LOOKUP(1,$E$13:$L$13,E26:L26)=1,PRESUPUESTOS!$D$11/N26,0)/SALACTUAL)) -> 0 | P26: =IF(F26="","",$P$13) | Q26: =IF(P26="",0,IF(LOOKUP(2,$E$13:$L$13,E26:L26)=2,PRESUPUESTOS!$D$12/P26,0)/SALACTUAL) -> 0 | R26: =IF(G26="","",$R$13) | S26: =IF(R26="",0,IF(LOOKUP(3,$E$13:$L$13,E26:L26)=3,PRESUPUESTOS!$D$13/R26,0)/SALACTUAL) -> 0 | T26: =IF(H26="","",$T$13) | U26: =IF(T26="",0,IF(LOOKUP(4,$E$13:$L$13,E26:L26)=4,PRESUPUESTOS!$D$14/T26,0)/SALACTUAL) -> 0 | V26: =IF(I26="","",$V$13) | W26: =IF(V26="",0,IF(LOOKUP(5,$E$13:$L$13,E26:L26)=5,PRESUPUESTOS!$D$15/V26,0)/SALACTUAL) -> 0 | X26: =IF(J26="","",$X$13) | Y26: =IF(X26="",0,IF(LOOKUP(6,$E$13:$L$13,E26:L26)=6,PRESUPUESTOS!$D$16/X26,0)/461500) -> 0 | Z26: =IF(K26="","",$Z$13) | AA26: =IF(Z26="",0,IF(LOOKUP(7,$E$13:$L$13,E26:L26)=7,PRESUPUESTOS!$D$17/Z26,0)/SALACTUAL) -> 0 | AB26: =IF(L26="","",$AB$13) | AC26: =IF(AB26="",0,IF(LOOKUP(8,$E$13:$L$13,E26:L26)=8,PRESUPUESTOS!$D$18/AB26,0)/SALACTUAL) -> 0 | AD26: =AE26 | AE26: =IF(M26="","",M26/SALACTUAL)
B27: 16 | C27: =+C26+1 -> 12 | D27: a16 | M27: =IF(COUNT(E27:L27)=0,"",VLOOKUP(E27,PRESUPUESTOS!$B$10:$D$19,3,FALSE)+VLOOKUP(F27,PRESUPUESTOS!$B$10:$D$19,3,FALSE)+VLOOKUP(G27,PRESUPUESTOS!$B$10:$D$19,3,FALSE)+VLOOKUP(H27,PRESUPUESTOS!$B$10:$D$19,3,FALSE)+VLOOKUP(I27,PRESUPUESTOS!$B$10:$D$19,3,FALSE)+VLOOKUP(J27,PRESUPUESTOS!$B$10:$D$19,3,FALSE)+VLOOKUP(K27,PRESUPUESTOS!$B$10:$D$19,3,FALSE)+VLOOKUP(L27,PRESUPUESTOS!$B$10:$D$19,3,FALSE)) | N27: =IF(E27="","",$N$13) | O27: =IF(N27="",0,(IF(LOOKUP(1,$E$13:$L$13,E27:L27)=1,PRESUPUESTOS!$D$11/N27,0)/SALACTUAL)) -> 0 | P27: =IF(F27="","",$P$13) | Q27: =IF(P27="",0,IF(LOOKUP(2,$E$13:$L$13,E27:L27)=2,PRESUPUESTOS!$D$12/P27,0)/SALACTUAL) -> 0 | R27: =IF(G27="","",$R$13) | S27: =IF(R27="",0,IF(LOOKUP(3,$E$13:$L$13,E27:L27)=3,PRESUPUESTOS!$D$13/R27,0)/SALACTUAL) -> 0 | T27: =IF(H27="","",$T$13) | U27: =IF(T27="",0,IF(LOOKUP(4,$E$13:$L$13,E27:L27)=4,PRESUPUESTOS!$D$14/T27,0)/SALACTUAL) -> 0 | V27: =IF(I27="","",$V$13) | W27: =IF(V27="",0,IF(LOOKUP(5,$E$13:$L$13,E27:L27)=5,PRESUPUESTOS!$D$15/V27,0)/SALACTUAL) -> 0 | X27: =IF(J27="","",$X$13) | Y27: =IF(X27="",0,IF(LOOKUP(6,$E$13:$L$13,E27:L27)=6,PRESUPUESTOS!$D$16/X27,0)/461500) -> 0 | Z27: =IF(K27="","",$Z$13) | AA27: =IF(Z27="",0,IF(LOOKUP(7,$E$13:$L$13,E27:L27)=7,PRESUPUESTOS!$D$17/Z27,0)/SALACTUAL) -> 0 | AB27: =IF(L27="","",$AB$13) | AC27: =IF(AB27="",0,IF(LOOKUP(8,$E$13:$L$13,E27:L27)=8,PRESUPUESTOS!$D$18/AB27,0)/SALACTUAL) -> 0 | AD27: =AE27 | AE27: =IF(M27="","",M27/SALACTUAL)
... B31: 20 | C31: =+C30+1 -> 16 | D31: a20 | M31: =IF(COUNT(E31:L31)=0,"",VLOOKUP(E31,PRESUPUESTOS!$B$10:$D$19,3,FALSE)+VLOOKUP(F31,PRESUPUESTOS!$B$10:$D$19,3,FALSE)+VLOOKUP(G31,PRESUPUESTOS!$B$10:$D$19,3,FALSE)+VLOOKUP(H31,PRESUPUESTOS!$B$10:$D$19,3,FALSE)+VLOOKUP(I31,PRESUPUESTOS!$B$10:$D$19,3,FALSE)+VLOOKUP(J31,PRESUPUESTOS!$B$10:$D$19,3,FALSE)+VLOOKUP(K31,PRESUPUESTOS!$B$10:$D$19,3,FALSE)+VLOOKUP(L31,PRESUPUESTOS!$B$10:$D$19,3,FALSE)) | N31: =IF(E31="","",$N$13) | O31: =IF(N31="",0,(IF(LOOKUP(1,$E$13:$L$13,E31:L31)=1,PRESUPUESTOS!$D$11/N31,0)/SALACTUAL)) -> 0 | P31: =IF(F31="","",$P$13) | Q31: =IF(P31="",0,IF(LOOKUP(2,$E$13:$L$13,E31:L31)=2,PRESUPUESTOS!$D$12/P31,0)/SALACTUAL) -> 0 | R31: =IF(G31="","",$R$13) | S31: =IF(R31="",0,IF(LOOKUP(3,$E$13:$L$13,E31:L31)=3,PRESUPUESTOS!$D$13/R31,0)/SALACTUAL) -> 0 | T31: =IF(H31="","",$T$13) | U31: =IF(T31="",0,IF(LOOKUP(4,$E$13:$L$13,E31:L31)=4,PRESUPUESTOS!$D$14/T31,0)/SALACTUAL) -> 0 | V31: =IF(I31="","",$V$13) | W31: =IF(V31="",0,IF(LOOKUP(5,$E$13:$L$13,E31:L31)=5,PRESUPUESTOS!$D$15/V31,0)/SALACTUAL) -> 0 | X31: =IF(J31="","",$X$13) | Y31: =IF(X31="",0,IF(LOOKUP(6,$E$13:$L$13,E31:L31)=6,PRESUPUESTOS!$D$16/X31,0)/461500) -> 0 | Z31: =IF(K31="","",$Z$13) | AA31: =IF(Z31="",0,IF(LOOKUP(7,$E$13:$L$13,E31:L31)=7,PRESUPUESTOS!$D$17/Z31,0)/SALACTUAL) -> 0 | AB31: =IF(L31="","",$AB$13) | AC31: =IF(AB31="",0,IF(LOOKUP(8,$E$13:$L$13,E31:L31)=8,PRESUPUESTOS!$D$18/AB31,0)/SALACTUAL) -> 0 | AD31: =AE31 | AE31: =IF(M31="","",M31/SALACTUAL)

Sheet EXPERIENCIA APORTADA
B1: =[1]PRESUPUESTOS!B1 -> INSTITUTO NACIONAL DE VÍAS
B2: =[1]PRESUPUESTOS!B2 -> DIRECCIÓN GENERAL
B3: =PRESUPUESTOS!B3 -> DIRECCIÓN DE CONTRATACION
B4: =PRESUPUESTOS!B4 -> DIRECCIÓN OPERATIVA - DIRECCIONES TERRITORIALES
B6: OBJETO: HABILITAR Y/O BRINDAR TRANSITABILIDAD EN LA RED VIAL A CARGO DEL INVIAS, A TRAVÉS DEL SISTEMA DE MONTO AGOTABLE EN LAS VIAS A CARGO DE LA DIRECCION TERRITORIAL SUCRE.
B8: CUADRO No. 3
B10: DETERMINACIÓN ACREDITACION DE LA EXPERIENCIA GENERAL
O12: Fecha minima | P12: fecha cierre
O13: 1 | P13: 44022
B15: PROPONENTE: | E15: =VLOOKUP(1,PROPONENTES!$B$14:$D$31,2,FALSE) -> 5 | F15: =VLOOKUP(E15,PROPONENTES!$C$14:$D$31,2,FALSE) -> CESAR ANTONIO PADRON TORRES
B16: No. De orden | C16: Entidad Contratante | D16: Contrato o Resolución | F16: Porcentaje de Participacion | G16: ADMISIBLE Experiencia General | H16: Integrante que aporta experiencia | I16: Fecha de Iniciación | J16: Tiempo de Suspensión | K16: Fecha de Terminación | L16: Tiempo Total | M16: Valor total del Contrato (Bas+Ajs+IVA) | N16: VFA | P16: PFMi =VFAi/ni | Q16: OBSERVACIONES A LOS CONTRATOS
D17: No. | E17: Objeto | F17: (%) | G17: (SI/NO) | I17: (dd-mm-aa) | J17: (meses) | K17: (dd-mm-aa) | L17: (meses) | M17: ($) | N17: (Bas+Ajs+IVA) ($) | O17: (smml) | P17: (smml/mes)
A19: ="A"&E15 -> A5 | B19: 1 | C19: INVIAS | D19: 1569-2007 | E19: ATENCION DE OBRAS DE EMERGENCIA EN LAS CARRETERAS A CARGO DE LA DIRECCIÓN TERRITORIAL SUCRE POR EL SISTEMA DE MONTO AGOTABLE. | F19: 0.8 | G19: SI | H19: =+F15 -> CESAR ANTONIO PADRON TORRES | I19: 39323 | J19: 0 | K19: 39437 | L19: =IF(OR(I19="",K19=""),"",IF(OR(I19>$P$13,K19>$P$13,AND(I19<$O$13,K19<$O$13)),"FUERA DE RANGO",IF(OR(J19="---",J19=""),IF(I19>=$O$13,ROUND((K19-I19+1)/365*12,1),ROUND((K19-$O$13+1)/365*12,1)),IF(I19>=$O$13,ROUND((K19-I19+1)/365*12-ROUND(J19,1),1),ROUND((K19-$O$13+1)/365*12-ROUND(J19,1),1))))) -> 3.8 | M19: 1.2407675e+08 | N19: =+M19*F19 -> 99261400 | O19: =+N19/433700 -> 228.87111 | P19: =IF(G19="SI",ROUND(O19,0),"") -> 229
B20: 2 | C20: INVIAS | D20: 197-2010 | E20: ATENCION OBRAS DE EMERGENCIAS POR EL SISTEMA DE MONTO AGOTABLE EN LAS CARRETERAS A CARGO DE LA DIRECCIÓN TERRITORIAL SUCRE. | F20: 1 | G20: SI | H20: =H19 -> CESAR ANTONIO PADRON TORRES | I20: 40332 | J20: 3.47 | K20: 40525 | L20: =IF(OR(I20="",K20=""),"",IF(OR(I20>$P$13,K20>$P$13,AND(I20<$O$13,K20<$O$13)),"FUERA DE RANGO",IF(OR(J20="---",J20=""),IF(I20>=$O$13,ROUND((K20-I20+1)/365*12,1),ROUND((K20-$O$13+1)/365*12,1)),IF(I20>=$O$13,ROUND((K20-I20+1)/365*12-ROUND(J20,1),1),ROUND((K20-$O$13+1)/365*12-ROUND(J20,1),1))))) -> 2.9 | M20: 1.4936691e+08 | N20: =+M20*F20 -> 1.4936691e+08 | O20: =+N20/515000 -> 290.03283 | P20: =IF(G20="SI",ROUND(O20,0),"") -> 290
B21: 3 | C21: ICCU | D21: 1168-2017 | E21: EJECUTAR MEDIANTE EL SISTEMA DE PRECIOS UNITARIOS FIJOS SIN FORMULA DE REAJUSTE Y POR MONTO AGOTABLE EL: DIAGNOSTICO, ESTUDIOS, DISEÑO Y ATENCION Y PREVENCION A EMERGENCIAS VIALES Y DE PUENTES EN EL DEPARTAMENTO DE CUNDINAMARCA. | F21: 0.2 | G21: SI | H21: =+F15 -> CESAR ANTONIO PADRON TORRES | I21: 43111 | K21: 43554 | L21: =IF(OR(I21="",K21=""),"",IF(OR(I21>$P$13,K21>$P$13,AND(I21<$O$13,K21<$O$13)),"FUERA DE RANGO",IF(OR(J21="---",J21=""),IF(I21>=$O$13,ROUND((K21-I21+1)/365*12,1),ROUND((K21-$O$13+1)/365*12,1)),IF(I21>=$O$13,ROUND((K21-I21+1)/365*12-ROUND(J21,1),1),ROUND((K21-$O$13+1)/365*12-ROUND(J21,1),1))))) -> 14.6 | M21: 8576476757 | N21: =+M21*F21 -> 1.7152954e+09 | O21: =+N21/828116 -> 2071.3226 | P21: =IF(G21="SI",ROUND(O21,0),"") -> 2071
A24: ="G"&A22 -> G | O24: SPFM = | P24: =SUM(P19:P23) -> 2590
A25: ="H"&A22 -> H | B25: OBSERVACIONES: | Q25: CONDICIÓN FINAL EXPERIENCIA:
A26: ="I"&A22 -> I | O26: ="SUMATORIA POM MODULOS PRESENTADOS PROPONENTE No. "&E15&" =" -> SUMATORIA POM MODULOS PRESENTADOS PROPONENTE No. 5 = | P26: =PROPONENTES!AE14 -> 145.24734
A27: ="J"&A22 -> J | Q27: =IF(P24>=P26,"ADMISIBLE","NO ADMISIBLE") -> ADMISIBLE
B32: PROPONENTE: | E32: =VLOOKUP(2,[1]PROPONENTES!$B$14:$D$24,2,FALSE) -> #N/A | F32: =VLOOKUP(E32,[1]PROPONENTES!$C$14:$D$24,2,FALSE) -> #N/A
B33: No. De orden | C33: Entidad Contratante | D33: Contrato o Resolución | F33: Porcentaje de Participacion | G33: ADMISIBLE Experiencia General | H33: Integrante que aporta experiencia | I33: Fecha de Iniciación | J33: Tiempo de Suspensión | K33: Fecha de Terminación | L33: Tiempo Total | M33: Valor total del Contrato (Bas+Ajs+IVA) | N33: VFA | P33: PFMi =VFAi/ni | Q33: OBSERVACIONES A LOS CONTRATOS
A34: ="A"&E32 -> #N/A | D34: No. | E34: Objeto | F34: (%) | G34: (SI/NO) | I34: (dd-mm-aa) | J34: (meses) | K34: (dd-mm-aa) | L34: (meses) | M34: ($) | N34: (Bas+Ajs+IVA) ($) | O34: (smml) | P34: (smml/mes)
A35: ="B"&E32 -> #N/A
A36: ="C"&E32 -> #N/A | B36: 1 | C36: INVIAS | D36: OJ-294-1998 | E36: PAVIMENTACIÓN Y MANTENIMIENTO DE LA CARRETERA: SAN AGUSTIN - PITALITO, SECTOR PR136+300 AL PR 146+000 | F36: 1 | G36: SI | H36: =+F32 -> #N/A | I36: 35955 | J36: 0 | K36: 36061 | L36: =IF(OR(I36="",K36=""),"",IF(OR(I36>$P$13,K36>$P$13,AND(I36<$O$13,K36<$O$13)),"FUERA DE RANGO",IF(OR(J36="---",J36=""),IF(I36>=$O$13,ROUND((K36-I36+1)/365*12,1),ROUND((K36-$O$13+1)/365*12,1)),IF(I36>=$O$13,ROUND((K36-I36+1)/365*12-ROUND(J36,1),1),ROUND((K36-$O$13+1)/365*12-ROUND(J36,1),1))))) -> 3.5 | M36: 148922000 | N36: =+M36*F36 -> 148922000 | O36: =IF(K36="","",ROUND(N36/LOOKUP(K36,[1]SMLM!$A$3:$A$31,[1]SMLM!$D$3:$D$31),2)) -> 730.63 | P36: =+O36 -> 730.63
A37: ="F"&E32 -> #N/A | B37: 2 | C37: INVIAS | D37: 773-2009 | E37: MANTENIMIENTO DEL SECTOR HOBO - LETRAN DE LA CARRETERA HOBO - YAGUARA RUTA 45 HL01 DIRECCIÓN TERRITORIAL HUILA | F37: 1 | G37: SI | H37: =+H36 -> #N/A | I37: 40044 | J37: 0 | K37: 40135 | L37: =IF(OR(I37="",K37=""),"",IF(OR(I37>$P$13,K37>$P$13,AND(I37<$O$13,K37<$O$13)),"FUERA DE RANGO",IF(OR(J37="---",J37=""),IF(I37>=$O$13,ROUND((K37-I37+1)/365*12,1),ROUND((K37-$O$13+1)/365*12,1)),IF(I37>=$O$13,ROUND((K37-I37+1)/365*12-ROUND(J37,1),1),ROUND((K37-$O$13+1)/365*12-ROUND(J37,1),1))))) -> 3 | M37: 166669485 | N37: =+M37*F37 -> 166669485 | O37: =+N37/515000 -> 323.63007 | P37: =+O37 -> 323.63007
B38: 3 | C38: INVIAS | D38: 2653-2006 | E38: MEJORAMIENTO Y MANTENIMIENTO DE LA CARRETERA PLATO - PUEBLO NUEVO RUTA 80 TRAMO 8002, SECTOR PR0+000 AL PR 26+000 Y SITIOS PUNTUALES PR23+800, 30+500, PR36+800, PR43+000 Y PR45+250 | F38: 1 | G38: SI | H38: =+H37 -> #N/A | I38: 39079 | J38: 0 | K38: 39141 | L38: =IF(OR(I38="",K38=""),"",IF(OR(I38>$P$13,K38>$P$13,AND(I38<$O$13,K38<$O$13)),"FUERA DE RANGO",IF(OR(J38="---",J38=""),IF(I38>=$O$13,ROUND((K38-I38+1)/365*12,1),ROUND((K38-$O$13+1)/365*12,1)),IF(I38>=$O$13,ROUND((K38-I38+1)/365*12-ROUND(J38,1),1),ROUND((K38-$O$13+1)/365*12-ROUND(J38,1),1))))) -> 2.1 | M38: 309691387 | N38: =+M38*F38 -> 309691387 | O38: =+N38/515000 -> 601.3425 | P38: =+O38 -> 601.3425
A39: =E32 -> #N/A | N39: =+M39*F39 -> 0 | P39: =IF(G39="SI",ROUND(O39/L39,0),"")
A40: ="G"&A39 -> #N/A
A41: ="H"&A39 -> #N/A | B41: OBSERVACIONES: | O41: SPFM = | P41: =SUM(P36:P40) -> 1655.6026 | Q41: CONDICIÓN FINAL EXPERIENCIA:
A42: ="I"&A39 -> #N/A | B42: LA EXPERIENCIA APORTADA ES VALIDA, CUMPLE CON LAS CONDICIONES DEL NUMERAL4.5.3 PLIEGOS DE CONDICIONES REQUISITOS DE EXPERIENCIA | O42: ="SUMATORIA POM MODULOS PRESENTADOS PROPONENTE No. "&E32&" =" -> #N/A | P42: =+P26 -> 145.24734
A43: ="J"&A39 -> #N/A | Q43: =IF(P41>=P42,"ADMISIBLE","NO ADMISIBLE") -> ADMISIBLE
B62: PROPONENTE: | E62: =VLOOKUP(2,[1]PROPONENTES!$B$14:$D$24,2,FALSE) -> #N/A | F62: =VLOOKUP(E62,[1]PROPONENTES!$C$14:$D$24,2,FALSE) -> #N/A
B63: No. De orden | C63: Entidad Contratante | D63: Contrato o Resolución | F63: Porcentaje de Participacion | G63: ADMISIBLE Experiencia General | H63: Integrante que aporta experiencia | I63: Fecha de Iniciación | J63: Tiempo de Suspensión | K63: Fecha de Terminación | L63: Tiempo Total | M63: Valor total del Contrato (Bas+Ajs+IVA) | N63: VFA | P63: PFMi =VFAi/ni | Q63: OBSERVACIONES A LOS CONTRATOS
D64: No. | E64: Objeto | F64: (%) | G64: (SI/NO) | I64: (dd-mm-aa) | J64: (meses) | K64: (dd-mm-aa) | L64: (meses) | M64: ($) | N64: (Bas+Ajs+IVA) ($) | O64: (smml) | P64: (smml/mes)
B66: 1 | N66: =+M66*F66 -> 0 | O66: =+N66/616000 -> 0 | P66: =+O66 -> 0
O70: SPFM = | P70: =SUM(P66:P69) -> 0
B71: OBSERVACIONES: | Q71: CONDICIÓN FINAL EXPERIENCIA:
O72: ="SUMATORIA POM MODULOS PRESENTADOS PROPONENTE No. "&E62&" =" -> #N/A | P72: =+[1]PROPONENTES!H15 -> 0
Q73: =IF(P70>=P72,"ADMISIBLE","NO ADMISIBLE") -> ADMISIBLE

Sheet EXPERIENCIA
B1: =PRESUPUESTOS!B1 -> INSTITUTO NACIONAL DE VÍAS
B2: =PRESUPUESTOS!B2 -> DIRECCIÓN GENERAL
B3: =PRESUPUESTOS!B3 -> DIRECCIÓN DE CONTRATACION
B4: =PRESUPUESTOS!B4 -> DIRECCIÓN OPERATIVA - DIRECCIONES TERRITORIALES
B6: =PRESUPUESTOS!B6 -> INVITACION A OFERTAR No. IP-DT-SUC-001-2020
B9: CUADRO No. 4
B11: RESUMEN EVALUACIÓN DE LA EXPERIENCIA GENERAL
B15: PROPUESTA NÚMERO | C15: PROPONENTE | D15: PO MODULOS | E15: VTE PROPONENTE | F15: CALIFICACION OBTENIDA
D16: (smml) | E16: (smml)
B18: =IF(C18="","",B17+1) -> 1 | C18: =PROPONENTES!D14 -> CESAR ANTONIO PADRON TORRES | D18: =PROPONENTES!AD14 -> 145.24734 | E18: ='EXPERIENCIA APORTADA'!P24 -> 2590 | F18: =IF(OR(E18<D18,E18=0),"NO ADMISIBLE","ADMISIBLE") -> ADMISIBLE | G18: =+IF(B18-INT(B18)=0,"","BORRAR ESTA FILA")
B19: =IF(C19="","",#REF!+1)
B21: =IF(C21="","",B20+1) -> 1 | C21: =PROPONENTES!D16 -> a5 | D21: =PROPONENTES!AD16 | E21: =VLOOKUP(B21,#REF!,15,FALSE) -> #REF! | F21: =IF(OR(E21<D21,E21=0),"NO ADMISIBLE","ADMISIBLE") -> #REF! | G21: =+IF(B21-INT(B21)=0,"","BORRAR ESTA FILA")
B22: =IF(C22="","",B21+1) -> 2 | C22: =PROPONENTES!D17 -> a6 | D22: =PROPONENTES!AD17 | E22: =VLOOKUP(B22,#REF!,15,FALSE) -> #REF! | F22: =IF(OR(E22<D22,E22=0),"NO ADMISIBLE","ADMISIBLE") -> #REF! | G22: =+IF(B22-INT(B22)=0,"","BORRAR ESTA FILA")
B23: =IF(C23="","",B22+1) -> 3 | C23: =PROPONENTES!D18 -> a7 | D23: =PROPONENTES!AD18 | E23: =VLOOKUP(B23,#REF!,15,FALSE) -> #REF! | F23: =IF(OR(E23<D23,E23=0),"NO ADMISIBLE","ADMISIBLE") -> #REF! | G23: =+IF(B23-INT(B23)=0,"","BORRAR ESTA FILA")
B24: =IF(C24="","",B23+1) -> 4 | C24: =PROPONENTES!D19 -> a8 | D24: =PROPONENTES!AD19 | E24: =VLOOKUP(B24,#REF!,15,FALSE) -> #REF! | F24: =IF(OR(E24<D24,E24=0),"NO ADMISIBLE","ADMISIBLE") -> #REF! | G24: =+IF(B24-INT(B24)=0,"","BORRAR ESTA FILA")
B25: =IF(C25="","",B24+1) -> 5 | C25: =PROPONENTES!D20 -> a9 | D25: =PROPONENTES!AD20 | E25: =VLOOKUP(B25,#REF!,15,FALSE) -> #REF! | F25: =IF(OR(E25<D25,E25=0),"NO ADMISIBLE","ADMISIBLE") -> #REF! | G25: =+IF(B25-INT(B25)=0,"","BORRAR ESTA FILA")
B26: =IF(C26="","",B25+1) -> 6 | C26: =PROPONENTES!D21 -> a10 | D26: =PROPONENTES!AD21 | E26: =VLOOKUP(B26,#REF!,15,FALSE) -> #REF! | F26: =IF(OR(E26<D26,E26=0),"NO ADMISIBLE","ADMISIBLE") -> #REF! | G26: =+IF(B26-INT(B26)=0,"","BORRAR ESTA FILA")
B27: =IF(C27="","",B26+1) -> 7 | C27: =PROPONENTES!D22 -> a11 | D27: =PROPONENTES!AD22 | E27: =VLOOKUP(B27,#REF!,15,FALSE) -> #REF! | F27: =IF(OR(E27<D27,E27=0),"NO ADMISIBLE","ADMISIBLE") -> #REF! | G27: =+IF(B27-INT(B27)=0,"","BORRAR ESTA FILA")
B28: =IF(C28="","",B27+1) -> 8 | C28: =PROPONENTES!D23 -> a12 | D28: =PROPONENTES!AD23 | E28: =VLOOKUP(B28,#REF!,15,FALSE) -> #REF! | F28: =IF(OR(E28<D28,E28=0),"NO ADMISIBLE","ADMISIBLE") -> #REF! | G28: =+IF(B28-INT(B28)=0,"","BORRAR ESTA FILA")
B29: =IF(C29="","",B28+1) -> 9 | C29: =PROPONENTES!D24 -> a13 | D29: =PROPONENTES!AD24 | E29: =VLOOKUP(B29,#REF!,15,FALSE) -> #REF! | F29: =IF(OR(E29<D29,E29=0),"NO ADMISIBLE","ADMISIBLE") -> #REF! | G29: =+IF(B29-INT(B29)=0,"","BORRAR ESTA FILA")
B30: =IF(C30="","",B29+1) -> 10 | C30: =PROPONENTES!D25 -> a14 | D30: =PROPONENTES!AD25 | E30: =VLOOKUP(B30,#REF!,15,FALSE) -> #REF! | F30: =IF(OR(E30<D30,E30=0),"NO ADMISIBLE","ADMISIBLE") -> #REF! | G30: =+IF(B30-INT(B30)=0,"","BORRAR ESTA FILA")
B31: =IF(C31="","",B30+1) -> 11 | C31: =PROPONENTES!D26 -> a15 | D31: =PROPONENTES!AD26 | E31: =VLOOKUP(B31,#REF!,15,FALSE) -> #REF! | F31: =IF(OR(E31<D31,E31=0),"NO ADMISIBLE","ADMISIBLE") -> #REF! | G31: =+IF(B31-INT(B31)=0,"","BORRAR ESTA FILA")
B32: =IF(C32="","",B31+1) -> 12 | C32: =PROPONENTES!D27 -> a16 | D32: =PROPONENTES!AD27 | E32: =VLOOKUP(B32,#REF!,15,FALSE) -> #REF! | F32: =IF(OR(E32<D32,E32=0),"NO ADMISIBLE","ADMISIBLE") -> #REF! | G32: =+IF(B32-INT(B32)=0,"","BORRAR ESTA FILA")
... B36: =IF(C36="","",B35+1) -> 16 | C36: =PROPONENTES!D31 -> a20 | D36: =PROPONENTES!AD31 | E36: =VLOOKUP(B36,#REF!,15,FALSE) -> #REF! | F36: =IF(OR(E36<D36,E36=0),"NO ADMISIBLE","ADMISIBLE") -> #REF! | G36: =+IF(B36-INT(B36)=0,"","BORRAR ESTA FILA")

Sheet RESUMEN
B1: =PRESUPUESTOS!B1 -> INSTITUTO NACIONAL DE VÍAS
B2: =PRESUPUESTOS!B2 -> DIRECCIÓN GENERAL
B3: =PRESUPUESTOS!B3 -> DIRECCIÓN DE CONTRATACION
B4: =PRESUPUESTOS!B4 -> DIRECCIÓN OPERATIVA - DIRECCIONES TERRITORIALES
B6: =PRESUPUESTOS!B6 -> INVITACION A OFERTAR No. IP-DT-SUC-001-2020
B9: CUADRO No. 5
B11: RESULTADO DE LA EVALUACIÓN TÉCNICA
F13: ADMISIBLE | G13: 1
F14: NO ADMISIBLE | G14: 0
F15: PENDIENTE | G15: =COUNTIF($G$21:$G$23,F15) -> 0
F16: TOTAL | G16: =SUM(G13:G15) -> 1
B18: PROPUESTA NÚMERO | C18: PROPONENTE | E18: EXPERIENCIA | F18: REQUISITOS TECNICOS MINIMOS | G18: CALIFICACION OBTENIDA
B21: =IF(C21="","",B20+1) -> 1 | C21: =PROPONENTES!D14 -> CESAR ANTONIO PADRON TORRES | D21: =VLOOKUP(B21,#REF!,8,FALSE) -> #REF! | E21: =EXPERIENCIA!F18 -> ADMISIBLE | F21: ADMISIBLE | G21: =IF(OR(COUNTIF(D21:F21,0)>0),"RECHAZADA",IF(COUNTIF(D21:F21,"NO ADMISIBLE")>0,"NO ADMISIBLE",IF(COUNTIF(D21:F21,"PENDIENTE")>0,"PENDIENTE","ADMISIBLE"))) -> ADMISIBLE
B23: =IF(C23="","",B22+1) -> 1 | C23: =PROPONENTES!D16 -> a5 | D23: =VLOOKUP(B23,#REF!,8,FALSE) -> #REF! | E23: =EXPERIENCIA!F21 -> #REF! | F23: =#REF! -> #REF! | G23: =IF(OR(COUNTIF(D23:F23,0)>0),"RECHAZADA",IF(COUNTIF(D23:F23,"NO ADMISIBLE")>0,"NO ADMISIBLE",IF(COUNTIF(D23:F23,"PENDIENTE")>0,"PENDIENTE","ADMISIBLE"))) -> ADMISIBLE
B24: =IF(C24="","",B23+1) -> 2 | C24: =PROPONENTES!D17 -> a6 | D24: =VLOOKUP(B24,#REF!,8,FALSE) -> #REF! | E24: =EXPERIENCIA!F22 -> #REF! | F24: =#REF! -> #REF! | G24: =IF(OR(COUNTIF(D24:F24,0)>0),"RECHAZADA",IF(COUNTIF(D24:F24,"NO ADMISIBLE")>0,"NO ADMISIBLE",IF(COUNTIF(D24:F24,"PENDIENTE")>0,"PENDIENTE","ADMISIBLE"))) -> ADMISIBLE
B25: =IF(C25="","",B24+1) -> 3 | C25: =PROPONENTES!D18 -> a7 | D25: =VLOOKUP(B25,#REF!,8,FALSE) -> #REF! | E25: =EXPERIENCIA!F23 -> #REF! | F25: =#REF! -> #REF! | G25: =IF(OR(COUNTIF(D25:F25,0)>0),"RECHAZADA",IF(COUNTIF(D25:F25,"NO ADMISIBLE")>0,"NO ADMISIBLE",IF(COUNTIF(D25:F25,"PENDIENTE")>0,"PENDIENTE","ADMISIBLE"))) -> ADMISIBLE
B26: =IF(C26="","",B25+1) -> 4 | C26: =PROPONENTES!D19 -> a8 | D26: =VLOOKUP(B26,#REF!,8,FALSE) -> #REF! | E26: =EXPERIENCIA!F24 -> #REF! | F26: =#REF! -> #REF! | G26: =IF(OR(COUNTIF(D26:F26,0)>0),"RECHAZADA",IF(COUNTIF(D26:F26,"NO ADMISIBLE")>0,"NO ADMISIBLE",IF(COUNTIF(D26:F26,"PENDIENTE")>0,"PENDIENTE","ADMISIBLE"))) -> ADMISIBLE
B27: =IF(C27="","",B26+1) -> 5 | C27: =PROPONENTES!D20 -> a9 | D27: =VLOOKUP(B27,#REF!,8,FALSE) -> #REF! | E27: =EXPERIENCIA!F25 -> #REF! | F27: =#REF! -> #REF! | G27: =IF(OR(COUNTIF(D27:F27,0)>0),"RECHAZADA",IF(COUNTIF(D27:F27,"NO ADMISIBLE")>0,"NO ADMISIBLE",IF(COUNTIF(D27:F27,"PENDIENTE")>0,"PENDIENTE","ADMISIBLE"))) -> ADMISIBLE
B28: =IF(C28="","",B27+1) -> 6 | C28: =PROPONENTES!D21 -> a10 | D28: =VLOOKUP(B28,#REF!,8,FALSE) -> #REF! | E28: =EXPERIENCIA!F26 -> #REF! | F28: =#REF! -> #REF! | G28: =IF(OR(COUNTIF(D28:F28,0)>0),"RECHAZADA",IF(COUNTIF(D28:F28,"NO ADMISIBLE")>0,"NO ADMISIBLE",IF(COUNTIF(D28:F28,"PENDIENTE")>0,"PENDIENTE","ADMISIBLE"))) -> ADMISIBLE
B29: =IF(C29="","",B28+1) -> 7 | C29: =PROPONENTES!D22 -> a11 | D29: =VLOOKUP(B29,#REF!,8,FALSE) -> #REF! | E29: =EXPERIENCIA!F27 -> #REF! | F29: =#REF! -> #REF! | G29: =IF(OR(COUNTIF(D29:F29,0)>0),"RECHAZADA",IF(COUNTIF(D29:F29,"NO ADMISIBLE")>0,"NO ADMISIBLE",IF(COUNTIF(D29:F29,"PENDIENTE")>0,"PENDIENTE","ADMISIBLE"))) -> ADMISIBLE
B30: =IF(C30="","",B29+1) -> 8 | C30: =PROPONENTES!D23 -> a12 | D30: =VLOOKUP(B30,#REF!,8,FALSE) -> #REF! | E30: =EXPERIENCIA!F28 -> #REF! | F30: =#REF! -> #REF! | G30: =IF(OR(COUNTIF(D30:F30,0)>0),"RECHAZADA",IF(COUNTIF(D30:F30,"NO ADMISIBLE")>0,"NO ADMISIBLE",IF(COUNTIF(D30:F30,"PENDIENTE")>0,"PENDIENTE","ADMISIBLE"))) -> ADMISIBLE
B31: =IF(C31="","",B30+1) -> 9 | C31: =PROPONENTES!D24 -> a13 | D31: =VLOOKUP(B31,#REF!,8,FALSE) -> #REF! | E31: =EXPERIENCIA!F29 -> #REF! | F31: =#REF! -> #REF! | G31: =IF(OR(COUNTIF(D31:F31,0)>0),"RECHAZADA",IF(COUNTIF(D31:F31,"NO ADMISIBLE")>0,"NO ADMISIBLE",IF(COUNTIF(D31:F31,"PENDIENTE")>0,"PENDIENTE","ADMISIBLE"))) -> ADMISIBLE
B32: =IF(C32="","",B31+1) -> 10 | C32: =PROPONENTES!D25 -> a14 | D32: =VLOOKUP(B32,#REF!,8,FALSE) -> #REF! | E32: =EXPERIENCIA!F30 -> #REF! | F32: =#REF! -> #REF! | G32: =IF(OR(COUNTIF(D32:F32,0)>0),"RECHAZADA",IF(COUNTIF(D32:F32,"NO ADMISIBLE")>0,"NO ADMISIBLE",IF(COUNTIF(D32:F32,"PENDIENTE")>0,"PENDIENTE","ADMISIBLE"))) -> ADMISIBLE
B33: =IF(C33="","",B32+1) -> 11 | C33: =PROPONENTES!D26 -> a15 | D33: =VLOOKUP(B33,#REF!,8,FALSE) -> #REF! | E33: =EXPERIENCIA!F31 -> #REF! | F33: =#REF! -> #REF! | G33: =IF(OR(COUNTIF(D33:F33,0)>0),"RECHAZADA",IF(COUNTIF(D33:F33,"NO ADMISIBLE")>0,"NO ADMISIBLE",IF(COUNTIF(D33:F33,"PENDIENTE")>0,"PENDIENTE","ADMISIBLE"))) -> ADMISIBLE
B34: =IF(C34="","",B33+1) -> 12 | C34: =PROPONENTES!D27 -> a16 | D34: =VLOOKUP(B34,#REF!,8,FALSE) -> #REF! | E34: =EXPERIENCIA!F32 -> #REF! | F34: =#REF! -> #REF! | G34: =IF(OR(COUNTIF(D34:F34,0)>0),"RECHAZADA",IF(COUNTIF(D34:F34,"NO ADMISIBLE")>0,"NO ADMISIBLE",IF(COUNTIF(D34:F34,"PENDIENTE")>0,"PENDIENTE","ADMISIBLE"))) -> ADMISIBLE
... B38: =IF(C38="","",B37+1) -> 16 | C38: =PROPONENTES!D31 -> a20 | D38: =VLOOKUP(B38,#REF!,8,FALSE) -> #REF! | E38: =EXPERIENCIA!F36 -> #REF! | F38: =#REF! -> #REF! | G38: =IF(OR(COUNTIF(D38:F38,0)>0),"RECHAZADA",IF(COUNTIF(D38:F38,"NO ADMISIBLE")>0,"NO ADMISIBLE",IF(COUNTIF(D38:F38,"PENDIENTE")>0,"PENDIENTE","ADMISIBLE"))) -> ADMISIBLE

Sheet SMLM
A1: PERIODO | D1: SMLM | E1: INCREMENTO % | G1: DEPENDENCIAS
A2: 29222 | C2: 29587 | D2: 4500 | G2: ID | H2: DEPENDENCIAS
A3: 29588 | C3: 29952 | D3: 5700 | E3: =+D3/D2-1 -> 0.26666667 | G3: 1 | H3: SECRETARIA GENERAL TECNICA - SUBDIRECCION RED NACIONAL DE CARRETERAS
A4: 29953 | C4: 30317 | D4: 7410 | E4: =+D4/D3-1 -> 0.3 | G4: 2 | H4: SECRETARIA GENERAL TECNICA - SUBDIRECCION RED TERCIARIA Y FERREA
A5: 30318 | C5: 30682 | D5: 9261 | E5: =+D5/D4-1 -> 0.24979757 | G5: 3 | H5: DIRECCION GENERAL - OFICINA DE PREVENCION Y ATENCION DE EMERGENCIAS
A6: 30683 | C6: 31048 | D6: 11298 | E6: =+D6/D5-1 -> 0.21995465 | G6: 4 | H6: SECRETARIA GENERAL TECNICA - SUBDIRECCION DE APOYO TECNICO
A7: 31049 | C7: 31413 | D7: 13557.6 | E7: =+D7/D6-1 -> 0.2 | G7: 5 | H7: SECRETARIA GENERAL TECNICA - SUBDIRECCION DE MEDIO AMBIENTE Y GESTION SOCIAL
A8: 31414 | C8: 31778 | D8: 16611.4 | E8: =+D8/D7-1 -> 0.22524636 | G8: 6 | H8: SECRETARIA GENERAL TECNICA - SUBDIRECCION MARITIMA Y FLUVIAL
A9: 31779 | C9: 32143 | D9: 20509.8 | E9: =+D9/D8-1 -> 0.23468221 | G9: 7 | H9: DIRECCIÓN OPERATIVA - DIRECCIONES TERRITORIALES
A10: 32144 | C10: 32508 | D10: 25637.4 | E10: =+D10/D9-1 -> 0.25000731 | G10: 8 | H10: SECRETARIA GENERAL ADMINISTRATIVA - PROGRAMA DE SEGURIDAD EN CARRETERAS NACIONALES
A11: 32509 | C11: 32873 | D11: 32559.6 | E11: =+D11/D10-1 -> 0.27000398 | G11: 9 | H11: SECRETARIA GENERAL ADMINISTRATIVA
A12: 32874 | C12: 33238 | D12: 41025 | E12: =+D12/D11-1 -> 0.25999705
A13: 33239 | C13: 33603 | D13: 51720 | E13: =+D13/D12-1 -> 0.2606947 | G13: FECHA ACTUAL | H13: SALARIO ACTUAL
A14: 33604 | C14: 33969 | D14: 65190 | E14: =+D14/D13-1 -> 0.26044084 | G14: =TODAY() -> 44028 | H14: =D42 -> 877803
A15: 33970 | C15: 34334 | D15: 81510 | E15: =+D15/D14-1 -> 0.25034514
A16: 34335 | C16: 34699 | D16: 98700 | E16: =+D16/D15-1 -> 0.21089437 | G16: CONDICIÓN
A17: 34700 | C17: 35064 | D17: 118933.5 | E17: =+D17/D16-1 -> 0.205 | G17: CUMPLE
A18: 35065 | C18: 35430 | D18: 142125 | E18: =+D18/D17-1 -> 0.19499552 | G18: NO CUMPLE
A19: 35431 | C19: 35795 | D19: 172005 | E19: =+D19/D18-1 -> 0.21023747
A20: 35796 | C20: 36160 | D20: 203826 | E20: =+D20/D19-1 -> 0.18500044
A21: 36161 | C21: 36525 | D21: 236460 | E21: =+D21/D20-1 -> 0.16010715
A22: 36526 | C22: 36891 | D22: 260100 | E22: =+D22/D21-1 -> 0.099974626
A23: 36892 | C23: 37256 | D23: 286000 | E23: =+D23/D22-1 -> 0.099577086
A24: 37257 | C24: 37621 | D24: 309000 | E24: =+D24/D23-1 -> 0.08041958
A25: 37622 | C25: 37986 | D25: 332000 | E25: =+D25/D24-1 -> 0.074433657
A26: 37987 | C26: 38352 | D26: 358000 | E26: =+D26/D25-1 -> 0.078313253
A27: 38353 | C27: 38717 | D27: 381500 | E27: =+D27/D26-1 -> 0.065642458
A28: 38718 | C28: 39082 | D28: 408000 | E28: =+D28/D27-1 -> 0.069462647
A29: 39083 | C29: 39447 | D29: 433700 | E29: =+D29/D28-1 -> 0.062990196
A30: 39448 | C30: 39813 | D30: 461500 | E30: =+D30/D29-1 -> 0.064099608
... A42: 43831 | C42: 44196 | D42: 877803 | E42: =+D42/D41-1 -> 0.060000048
HH500: 39733
HH501: 7
HH502: 8
